 Dungeon Crawl Stone Soup version 0.28.0-53-g5a82cb258f (webtiles) character file.

Game seed: 13994014240687573653

649 rotFace the Chiller (level 7, 0/53 HPs)
             Began as a Ghoul Ice Elementalist on Nov 27, 2022.
             Slain by an orc wizard
             ... wielding a +0 dagger
              (1 damage)
             ... on level 4 of the Dungeon.
             The game lasted 00:55:41 (3501 turns).

rotFace the Chiller (Ghoul Ice Elementalist)        Turns: 3501, Time: 00:55:42

Health: 0/53       AC: 10    Str: 12      XL:     7   Next: 53%
Magic:  12/12      EV: 11    Int: 11 (12) God:
Gold:   200        SH:  0    Dex:  9      Spells: 13/14 levels left

rFire   + + .      SeeInvis .   f - +0 whip (flame)
rCold   + + .      Faith    .   (no shield)
rNeg    + + +      Spirit   .   q - +3 leather armour {rF+}
rPois   ∞          Reflect  .   (no helmet)
rElec   +          Harm     .   l - +0 cloak
rCorr   +          Rampage  +   d - +0 pair of gloves
Will    .....                   r - +1 pair of boots {rampage}
Stlth   ++........              (no amulet)
HPRegen 0.00/turn               (no ring)
MPRegen 0.13/turn               (no ring)

@: resistant, inhibited regen
A: claws 1, cold resistance 1, negative energy resistance 3, inhibited
regeneration, torment resistance 2
a: no special abilities


You were on level 4 of the Dungeon.
You visited 1 branch of the dungeon, and saw 4 of its levels.

You collected 200 gold pieces.

Inventory:

Hand Weapons
 f - a +0 whip of flaming (weapon)
 n - the +5 battleaxe of Xyrcheof {vorpal, rC++}
   (You found it on level 4 of the Dungeon)

   It inflicts extra damage upon your enemies.
   rC:        It greatly protects you from cold.
Armour
 b - a +0 robe
 d - a +0 pair of gloves (worn)
 k - a +1 kite shield of protection
 l - a +0 cloak (worn)
 o - a +1 pair of boots
 q - a +3 leather armour of fire resistance (worn)
 r - a +1 pair of boots of rampaging (worn)
Wands
 c - a wand of polymorph (13)
 i - a wand of paralysis (5)
Scrolls
 e - a scroll of holy word {unknown}
 h - 2 scrolls of identify {unknown}
Potions
 j - a potion of curing {unknown}
 m - a potion of lignification


   Skills:
 + Level 1.9 Fighting
 + Level 1.3 Maces & Flails
 + Level 2.3 Dodging
 + Level 2.7 Stealth
 + Level 0.4 Unarmed Combat
 + Level 4.1 Spellcasting
 + Level 7.3 Ice Magic


You had 13 spell levels left.
You knew the following spells:

 Your Spells              Type           Power      Damage    Failure   Level
a - Freeze                Ice            72%        1d9       1%          1

Your spell library contained the following spells:

 Spells                   Type           Power      Damage    Failure   Level
 Frozen Ramparts          Ice            36%        1d5       4%          3
 Ozocubu's Armour         Ice            18%        N/A       4%          3
 Hailstorm                Conj/Ice       10%        3d5       54%         4
 Gell's Gravitas          Tloc           2%         N/A       65%         3
 Teleport Other           Tloc           2%         N/A       65%         3
 Dispersal                Tloc           1%         N/A       100%        6


Dungeon Overview and Level Annotations

Branches:
Dungeon (4/15)
 Temple: D:4-7

Altars:

Shops:
D:4 (


Innate Abilities, Weirdness & Mutations

You thrive by killing the living.
You are immune to poison.
You have sharp fingernails.
Your flesh is cold resistant. (rC+)
You are immune to negative energy. (rN+++)
You do not regenerate when monsters are visible.
You are immune to unholy pain and torment.


Message History

You are starting to lose your buoyancy.
Something hits you but does no damage. Something hits you but does no damage.
You hear some strange, mumbled words.
Something tries to affect you, but you resist.
There is a strange disturbance nearby!
You float gracefully downwards.
Things that are here:
a +0 whip; an orc corpse
There is an open door here.
You see here a +0 trident.
There is a strange disturbance nearby!
An orc comes into view. It is wielding a +0 whip.
An orc wizard and an orc come into view.
The orc shouts! x2
An orc comes into view. It is wielding a +0 dagger.
A hound comes into view.
An orc comes into view. It is wielding a +0 club.
The hound moves out of view.
Found 13 gold pieces and a book of the Hunter.
The orc wizard shouts!
The hound barks!
The orc shouts!
You closely miss something.
The orc shouts!
Something barely misses you.
You barely miss something.
You hear some strange, mumbled words.
A puff of flame appears from out of thin air!
The puff of flame hits you. You resist.
* * * LOW HITPOINT WARNING * * *
The orc hits you but does no damage.
Aiming: Paralyse
Press: ? - help, Q - select action, (/) - cycle Shift-Dir - straight line, f - orc wizard
Aim: an orc wizard, wielding a +0 dagger and wearing a +0 robe (chance to affect: 49%)
The orc wizard resists with some effort.
Something hits you but does no damage. The orc hits you but does no damage.
The orc wizard barely misses you.
You miss something.
An orc wizard appears from thin air!
Reactivating autopickup.
The orc wizard hits you with a +0 dagger.
You die...

.######...........#####.........#
.#.........######.†.............#
'#.........# #...............#
...........# #...............#
...........# #...............#
...........#. #...............#
).##########.. #...............#
..# :##..o#####+##.........# ..#
.....oo@.....'.........# >.#
$....hooo....#.........# ..#
.#...........#.........# ..#
#..######...#.........# ..# #.
... #...#.........# ### # ....
#...#.........# ..#
.)...#...#.........# ..#
.....#.))#.........# .##
.....##'##.........#


You could see a hound, 2 orc wizards and 4 orcs.

Vanquished Creatures
  A black bear (D:4)
  A necrophage (D:4)
  The ghost of Sensen the Skirmisher, a weakling HOMo (D:3)
  A hound (D:4)
  A bullfrog skeleton (D:4)
  Jessica (D:3)
  2 iguanas
  Natasha (thrice) (D:3)
  An orc wizard (D:4)
  A gnoll (D:1)
  A howler monkey skeleton (D:4)
  9 adders
  2 adder skeletons (D:4)
  A worm (D:3)
  4 dart slugs
  5 orcs (D:4)
  10 endoplasms
  A giant cockroach (D:1)
  7 goblins
  2 hobgoblins
  6 quokkas
  5 ball pythons
  5 bats
  A frilled lizard (D:2)
  11 kobolds
  7 rats
90 creatures vanquished.

Notes
Turn   | Place    | Note
-------+----------+-------------------------------------------
     0 | D:1      | rotFace the Ghoul Ice Elementalist began the quest for the
                  | Orb.
     0 | D:1      | Reached XP level 1. HP: 14/14 MP: 2/2
   196 | D:1      | Reached XP level 2. HP: 20/20 MP: 0/3
   442 | D:1      | Reached skill level 5 in Ice Magic
   500 | D:1      | Reached XP level 3. HP: 11/26 MP: 0/5
  1200 | D:2      | Reached XP level 4. HP: 33/33 MP: 0/6
  2082 | D:3      | Noticed Jessica
  2103 | D:3      | Killed Jessica
  2117 | D:3      | Reached XP level 5. HP: 32/38 MP: 1/8
  2175 | D:3      | Reached skill level 1 in Fighting
  2231 | D:3      | Noticed Natasha
  2246 | D:3      | Killed Natasha
  2247 | D:3      | Reached skill level 6 in Ice Magic
  2430 | D:3      | Found a large runed translucent door.
  2430 | D:3      | Found a large runed translucent door.
  2434 | D:3      | Noticed Sensen's ghost (weakling HOMo)
  2466 | D:3      | Noticed Natasha
  2473 | D:3      | Killed Natasha
  2474 | D:3      | Reached XP level 6. HP: 34/47 MP: 5/9
  2481 | D:3      | Noticed Natasha
  2488 | D:3      | Killed Natasha
  2628 | D:3      | Killed Sensen's ghost
  2703 | D:4      | Identified the +5 battleaxe of Xyrcheof {vorpal, rC++}
  2712 | D:4      | Noticed a necrophage
  2754 | D:4      | Killed a necrophage
  2755 | D:4      | Reached skill level 1 in Maces & Flails
  2955 | D:4      | Reached XP level 7. HP: 43/53 MP: 6/11
  3009 | D:4      | Reached skill level 7 in Ice Magic
  3226 | D:4      | Found Zufoagg's Weapon Shoppe.
  3499 | D:4      | HP: 1/53 [something/puff of flame (3)]
  3501 | D:4      | Slain by an orc wizard

Illustrated notes

Levels and vault maps discovered:
D:1:      matt_arrival_grand_opening, layout_loops_corners
D:2:      layout_basic
D:3:      layout_rooms, ebering_ghost_disaster_area, uniq_jessica, uniq_natasha
D:4:      layout_gridville, serial_shops, shop_fountains,
          minmay_fractal_squares_diagonal_5

Skill      XL: |  1  2  3  4  5  6  7 |
---------------+----------------------+-----
Ice Magic      | 5 6 7 |  7.3
Spellcasting   | 2 3 4 |  4.1
Dodging        | 2 |  2.3
Fighting       | 1 |  1.9
Maces & Flails | 1 |  1.3
Stealth        | |  2.7
Unarmed Combat | |  0.4

Action                   |  1- 3 |  4- 6 |  7- 9 || total
-------------------------+-------+-------+-------++-------
Melee: Unarmed           |    28 |       |       ||    28
       Whip              |    11 |    73 |    36 ||   120
       Punch             |       |       |     1 ||     1
 Cast: Freeze            |    47 |    81 |    27 ||   155
Evoke: Wand              |       |     2 |     2 ||     4
  Use: Scroll            |     1 |       |       ||     1
       Potion            |       |     2 |     4 ||     6
Armor: Robe              |    18 |    34 |    10 ||    62
       Leather armour    |       |       |    30 ||    30
Dodge: Dodged            |    58 |    77 |    24 ||   159
